Unix NetHack Version 5.0.0-0 post-release - last build May 10 2026 23:12:36 (d1fa5d53e341ca933230fdaa984d921c805b60aa,branch:main).

Game began 2026-05-14 09:05:50, ended 2026-05-15 13:17:13.

Galadhan1, chaotic male elven Wizard

        ----
        |.|.-
        |@a..|.....-
        --a..........
         |...........-
         |....f.......|
         |....---......
         |....|--......
 ---     ---..||..)...
--.--      ------..----.
|...|    ------.........|
--..-- ---)....)).)).).-
 |...---......--..----...
 |........)...|----   --
 |..--.....*..-
 ------..)..>..
      ---.--.|
        ---
Galadhan1 the Thaumaturge  St:9 Dx:12 Co:16 In:20 Wi:15 Ch:8  Chaotic
Dlvl:5  $:137 HP:0(49) Pw:3(81) AC:5  Xp:7 T:5606 

Latest messages:
 Your housecat eats a giant ant corpse.
 Your housecat eats a giant ant corpse.
 Please move the cursor to a monster, object or location.
 (For instructions type a '?')
 In what direction? l
 The spell misses the fire ant.
 The spell hits the fire ant!
 You kill the fire ant!
 The fire ant bites!
 The fire ant misses!
 In what direction? l
 The spell misses the fire ant.
 The spell hits the fire ant!
 You kill the fire ant!
 The fire ant bites!
 The fire ant bites again!
 You're on fire!
 Your potions of oil catch light!
 Your potion of oil catches light!
 Your candle catches light!
 The fire ant bites!
 The fire ant bites again!
 You're on fire!
 What do you want to zap? [lsxEP or ?*] *
 Never mind.
 The fire ant bites!
 The fire ant bites again!
 You avoid harm.
 The fire ant misses!
 The fire ant bites!
 You're on fire!
 The fire ant bites!
 The fire ant misses!
 The fire ant bites!
 The fire ant bites again!
 You avoid harm.
 What do you want to drink? [f-hprwAB or ?*] *
 Never mind.
 Are you sure you want to pray? [yn] (n) y
 You begin praying to Anhur.
 The fire ant bites!
 The fire ant bites again!
 You're on fire!
 The fire ant bites!
 You die...
 Do you want your possessions identified? [ynq] (y) y
 Do you want to see your attributes? [ynq] (y) y
 Do you want an account of creatures vanquished? [ynaq] (y) n
 Do you want to see your conduct and achievements? [ynq] (y) n
 Do you want to see the dungeon overview? [ynq] (y) y

Inventory:
 Coins    ('$')
  $ - 137 gold pieces
 Weapons  (')')
  z - a +0 elven dagger (weapon in right hand)
 Armor    ('[')
  J - an uncursed +0 dwarvish iron helm (being worn)
  C - an uncursed +1 pair of jumping boots (being worn)
  b - an uncursed +0 cloak of magic resistance (being worn)
 Comestibles  ('%')
  v - an uncursed clove of garlic
  i - 2 uncursed food rations
 Scrolls  ('?')
  W - an uncursed scroll of create monster named 200
  I - an uncursed scroll of destroy armor named 100
  y - 2 uncursed scrolls of magic mapping named B/U 100
  d - an uncursed scroll of remove curse
 Potions  ('!')
  A - an uncursed potion of gain level
  h - an uncursed potion of healing
  w - an uncursed potion of invisibility named 150
  g - 2 uncursed potions of oil (lit)
  B - a cursed potion of oil (lit)
  r - a cursed potion of paralysis named 300
  p - an uncursed potion of restore ability named 100
  f - 3 uncursed potions of water
 Rings    ('=')
  u - an uncursed +1 ring of adornment named B/U 100
  e - an uncursed ring of poison resistance (on right hand)
 Wands    ('/')
  s - a wand of digging (0:7)
  E - a wand of fire (0:0)
  l - a wand of magic missile (0:0)
  x - a wand of stasis named B/U 150 (0:4)
  P - a wand of striking named 150 (0:7)
 Tools    ('(')
  k - an uncursed bag of holding named holding containing 1 item
  o - an uncursed bell
  m - an uncursed credit card
  n - a magic marker (0:22)
  c - an uncursed oil lamp (lit)
  X - an uncursed partly used tallow candle (lit)
  j - a tinning kit (0:76)
 Gems/Stones  ('*')
  a - 2 uncursed worthless pieces of black glass
  L - 3 uncursed worthless pieces of blue glass
  G - an uncursed worthless piece of green glass
  H - a cursed worthless piece of green glass
  F - 4 uncursed worthless pieces of orange glass
  M - 3 uncursed worthless pieces of violet glass
  R - an uncursed worthless piece of yellow glass
  q - 2 uncursed flint stones named uncursed touchstone

Contents of the bag of holding named holding:
  an uncursed potion of booze

Galadhan1 the Wizard's attributes:

Background:
 You were a Thaumaturge, a level 7 male elven Wizard.
 You were chaotic, on a mission for Anhur
 who was opposed by Ptah (lawful) and Thoth (neutral).
 You were right-handed.
 You were in the Gnomish Mines, on level 5.
 You entered the dungeon 5606 turns ago.
 You had 1136 experience points, 144 more were needed to attain level 8.

Basics:
 You had 0 out of 49 hit points.
 You had 3 out of 81 energy points (spell power).
 Your armor class was 5.
 Your wallet contained 137 zorkmids.
 Autopickup was off.

Final Characteristics:
 Your strength was 9 (limit:18).
 Your dexterity was 12 (limit:18).
 Your constitution was 16 (limit:16).
 Your intelligence was 20 (limit:20).
 Your wisdom was 15 (limit:20).
 Your charisma was 8 (limit:18).

Final Status:
 You weren't hungry.
 You were unencumbered.
 You were wielding a dagger.
 You were unskilled in dagger.

Final Attributes:
 You were devoutly aligned.
 You were magic-protected.
 You were sleep resistant.
 You were poison resistant.
 You were telepathic.
 You had infravision.
 You could jump.
 You were warded.
 You were unlucky.
 You are dead.

Miscellaneous:
 You didn't encounter any bones levels.
 Total elapsed playing time was 4 hours, 58 minutes and 47 seconds.

Major events:
 Turn
    1: Galadhan1 the chaotic male elven Wizard entered the dungeon
 1109: attained the rank of Conjurer (level 3)
 2563: entered the Gnomish Mines
 3373: attained the rank of Thaumaturge (level 6)
 4010: reached Mine Town
 5606: killed by a fire ant, while praying

Spells:
 Name                 Level Category     Fail Retention
 force bolt             1   attack         0%   71%-75%
 detect food            2   divination    48%   51%-75%
 healing                1   healing        0%  76%-100%

Skills:
 Fighting Skills
   bare handed combat [Unskilled]
   riding             [Unskilled]
 Weapon Skills
   dagger             [Unskilled]
   knife              [Unskilled]
   axe                [Unskilled]
   short sword        [Unskilled]
   club               [Unskilled]
   mace               [Unskilled]
   quarterstaff       [Basic]
   polearms           [Unskilled]
   spear              [Unskilled]
   trident            [Unskilled]
   sling              [Unskilled]
   dart               [Unskilled]
   shuriken           [Unskilled]
 Spellcasting Skills
   attack spells      [Skilled]
   healing spells     [Unskilled]
   divination spells  [Unskilled]
   enchantment spells [Basic]
   clerical spells    [Unskilled]
   escape spells      [Unskilled]
   matter spells      [Unskilled]

Voluntary challenges:
 Character rerolling was not enabled.
 You never genocided any monsters.
 You never polymorphed an object.
 You used no wishes.
Achievements:
 You attained the rank of Conjurer.
 You entered a shop.
 You entered the Gnomish Mines.
 You attained the rank of Thaumaturge.
 You entered Minetown.
 You entered a temple.

 The Dungeons of Doom: levels 1 to 5
    Level 1:
    Level 2:
       An altar, some fountains.
    Level 3:
       Stairs down to The Gnomish Mines.
    Level 4:
       A general store, a sink.
    Level 5:
       A fountain.
 The Gnomish Mines: levels 4 to 8
    Level 4:
    Level 5: <- You were here.
       Final resting place for
          you, killed by a fire ant, while praying.
    Level 6:
    Level 7:
       Many shops, a temple and an altar to Anhur, some fountains, some trees.
    Level 8:


Vanquished creatures:
  a small mimic
  a chameleon
  a leprechaun
  a horse
  2 lizards
  a dwarf leader
  2 ravens
  a plains centaur
  2 fire ants
  a quasit
  2 ponies
  a yellow light
  8 gnome leaders
  a gray ooze
  3 giant ants
  a floating eye
 10 dwarves
  2 hill orcs
  a giant bat
  2 orc zombies
  a wererat
  a werejackal
  3 iguanas
 an acid blob
  3 hobbits
  4 manes
  3 cave spiders
  2 green molds
 35 gnomes
  4 geckos
  5 jackals
  2 foxes
  a kobold
  4 goblins
  2 sewer rats
  4 grid bugs
  5 bats
  5 lichens
  2 kobold zombies
  7 newts
138 creatures vanquished.

No species were genocided or became extinct.

Game over:
                       ----------
                      /          \
                     /    REST    \
                    /      IN      \
                   /     PEACE      \
                  /                  \
                  |    Galadhan1     |
                  |      137 Au      |
                  | killed by a fire |
                  |       ant        |
                  |                  |
                  |                  |
                  |       2026       |
                 *|     *  *  *      | *
        _________)/\\_//(\/(/\)/\//\/|_)_______

Goodbye Galadhan1 the Wizard...

You died in The Gnomish Mines on dungeon level 5 with 5028 points,
and 137 pieces of gold, after 5606 moves.
You were level 7 with a maximum of 49 hit points when you died.

